 Dungeon Crawl Stone Soup version 0.20.1-1-g8b1a95d66d (webtiles) character file.

23 HessuHobo the Firebug (level 2, -1/19 HPs)
             Began as a Demonspawn Fire Elementalist on Nov 15, 2017.
             Slain by a quokka (3 damage)
             ... on level 2 of the Dungeon.
             The game lasted 00:06:56 (1114 turns).

HessuHobo the Firebug (DsFE)                        Turns: 1114, Time: 00:06:57

Health: -1/19      AC:  2    Str: 13    XL:     2   Next: 75%
Magic:  0/5        EV: 12    Int: 16    God:
Gold:   41         SH:  0    Dex: 13    Spells: 4/5 levels left

rFire    . . .     SeeInvis .   (no weapon)
rCold    . . .     Gourm    .   (no shield)
rNeg     . . .     Faith    .   a - +0 robe
rPois    .         Spirit   .   (no helmet)
rElec    .         Reflect  .   (no cloak)
rCorr    .         Harm     .   (no gloves)
MR       .....                  (no boots)
Stlth    ++........             (no amulet)
Regen    0.1/turn               e - +5 ring of strength
MPRegen  0.1/turn               l - ring of flight

@: lethally poisoned (-1 -> -8), very slightly contaminated
A: claws 1
a: Evoke Flight


You were on level 2 of the Dungeon.
You were not hungry.

You visited 1 branch of the dungeon, and saw 3 of its levels.

You collected 41 gold pieces.

Inventory:

Armour
 a - a +0 robe (worn)
Jewellery
 e - a +5 ring of strength (left claw)
 l - a ring of flight (right claw)
Scrolls
 h - a scroll of remove curse {unknown}
Potions
 c - a potion of berserk rage {unknown}
 f - 2 potions of curing {unknown}
 g - 2 potions of heal wounds {unknown}
 j - a potion of magic {unknown}
Books
 b - a book of Flames

   Spells                             Type                      Level
   a - Flame Tongue                   Conjuration/Fire             1
   b - Throw Flame                    Conjuration/Fire             2
   c - Conjure Flame                  Conjuration/Fire             3
   d - Inner Flame                    Hexes/Fire                   3
   e - Sticky Flame                   Conjuration/Fire             4
   f - Fireball                       Conjuration/Fire             5
Comestibles
 d - 4 fruits
 i - a meat ration


   Skills:
 + Level 0.2 Fighting
 - Level 1.7 Dodging
 - Level 1.7 Stealth
 * Level 0.1 Unarmed Combat
 + Level 2.3 Spellcasting
 * Level 1.7 Conjurations
 + Level 3.0 Fire Magic


You had 4 spell levels left.
You knew the following spells:

 Your Spells              Type           Power        Failure   Level  Hunger
a - Flame Tongue          Conj/Fire      #....        8%          1    #......


Dungeon Overview and Level Annotations

Branches:
Dungeon (3/15)

Altars:
Gozag


Innate Abilities, Weirdness & Mutations

You have sharp fingernails.


Message History

The quokka closely misses you. The adder closely misses you.
The orc misses you. The quokka bites you.
* * * LOW HITPOINT WARNING * * *
The adder closely misses you.
Casting: Flame Tongue
Confirm with . or Enter, or press ? or * to list all spells.
Aiming: Flame Tongue
Press: ? - help, Shift-Dir - straight line, f - orc
Aim: an orc, wearing a ring mail (almost dead)
The flame tongue hits the orc.
The orc appears unharmed.
The orc is almost dead.
The quokka closely misses you. The adder bites you.
* * * LOW HITPOINT WARNING * * *
You are lethally poisoned!
The adder poisons you! The orc completely misses you.
You scratch the orc but do no damage.
The orc is almost dead.
* * * LOW HITPOINT WARNING * * *
You feel sick. The adder closely misses you. The quokka bites you.
You die...

# .# ######.###
#.....!...
#.........
#.........
#Sro......
#######
#.@.......
#......
...............
#......
...............
#......
.!.............
#......
...............
#......
......#####+###
#...... ......
#...... ......
#...... #......


You could see an adder, an orc and a quokka.

Vanquished Creatures
  2 leopard geckos (D:1)
  A giant cockroach (D:1)
  2 goblins (D:1)
  4 hobgoblins
  2 kobolds (D:1)
  A quokka (D:3)
  2 bats
  2 frilled lizards (D:1)
  5 rats (D:1)
21 creatures vanquished.

Notes
Turn   | Place    | Note
-------+----------+-------------------------------------------
     0 | D:1      | HessuHobo the Demonspawn Fire Elementalist began the quest for the Orb.
     0 | D:1      | Reached XP level 1. HP: 13/13 MP: 3/3
   224 | D:1      | Gained mutation: You have sharp fingernails. [demonic ancestry]
   224 | D:1      | Reached XP level 2. HP: 19/19 MP: 1/5
   617 | D:1      | Reached skill level 3 in Fire Magic
  1013 | D:3      | Found an opulent altar of Gozag.
  1114 | D:2      | Slain by a quokka

Skill      XL: |  1  2 |
---------------+-------+-----
Fire Magic     | 3 |  3.0
Fighting       | |  0.2
Dodging        | |  1.7
Stealth        | |  1.7
Unarmed Combat | |  0.1
Spellcasting   | |  2.3
Conjurations   | |  1.7

Action                   || total
-------------------------++-------
Melee: Unarmed           ||     2
 Cast: Flame Tongue      ||    35
 Abil: Evoke Flight      ||     1
  Use: Scroll            ||     3
  Eat: Bread ration      ||     1
Armor: Robe              ||     2
Dodge: Dodged            ||    14
